 Dungeon Crawl Stone Soup version 0.30.1-11-g7821555f0a (webtiles) character file.

Game seed: 1803103278041905107

733 lonewolfV2 the Covered (level 8, -4/67 HPs)
             Began as a Formicid Fighter on Nov 14, 2023.
             Slain by an ogre
             ... wielding a +0 giant club
              (27 damage)
             ... on level 5 of the Dungeon.
             The game lasted 00:05:15 (4348 turns).

lonewolfV2 the Covered (Formicid Fighter)           Turns: 4348, Time: 00:05:15

Health: -4/67      AC:  7    Str: 22    XL:     8   Next: 4%
Magic:  8/8        EV:  9    Int:  9    God:
Gold:   260        SH:  6    Dex: 13    Spells: 7/7 levels left

rFire   . . .        g - +2 war axe (freeze)
rCold   . . .        c - +1 buckler
rNeg    . . .        b - +0 scale mail
rPois   .            (helmet unavailable)
rElec   .            (no cloak)
rCorr   .            (no gloves)
SInv    +            (no boots)
Will    .....        (no amulet) Stlth
                     (no ring)
HPRegen 0.31/turn    (no ring)
MPRegen 0.11/turn

%: no passive effects
@: lethally poisoned (-4 -> -10)
A: permanent stasis, dig shafts and tunnels, antennae 3, four strong arms
a: Dig, Shaft Self


You were on level 5 of the Dungeon.
You visited 1 branch of the dungeon, and saw 5 of its levels.

You collected 260 gold pieces.

Inventory:

Hand Weapons
 a - a +0 war axe
 g - a +2 war axe of freezing (weapon)
Armour
 b - a +0 scale mail (worn)
 c - a +1 buckler (worn)
Wands
 l - a wand of flame (18)
Scrolls
 i - 3 scrolls of fog
 m - a scroll of identify
 p - a scroll of noise {unknown}
Potions
 d - a potion of might
 e - 5 potions of curing
 f - 2 potions of invisibility
 h - a potion of magic
 j - a potion of haste
 k - a potion of degeneration
 n - a potion of mutation {unknown}
 o - 2 potions of flight {unknown}
 q - a potion of lignification {unknown}


   Skills:
 + Level 7.2 Fighting
 - Level 2.0 Axes
 + Level 7.2 Armour
 - Level 4.0 Shields


You had 7 spell levels left.
You didn't know any spells.
Your spell library was empty.

Dungeon Overview and Level Annotations

Branches:
Dungeon (5/15)
 Temple: D:4-7

Altars:
Cheibriados
Fedhas
Kikubaaqudgha
Okawaru
Sif Muna
Trog
Vehumet

Shops:
D:1 [   D:5 *


Innate Abilities, Weirdness & Mutations

You cannot be hasted, slowed, berserked, paralysed or teleported.
You can dig through walls and to a lower floor.
You have a pair of large antennae on your head. (SInv)
Your four strong arms can wield two-handed weapons with a shield.


Message History

You sense a monster nearby.
A quokka comes into view.
A quokka is nearby!
Found 6 gold pieces.
The quokka bites you but does no damage.
The quokka twitches its whiskers.
The quokka barely misses you. The quokka barely misses you.
The quokka barely misses you.
Found a leather armour.
The quokka bites you. The quokka barely misses you.
You closely miss the quokka. The quokka bites you.
You slash the quokka! You freeze the quokka.
You kill the quokka!
You now have 260 gold pieces (gained 6).
An ogre comes into view. It is wielding a +0 giant club.
Found a scratched opal ring.
Found an iron altar of Okawaru.
Found a stone staircase leading down.
The ogre shouts!
An ogre is nearby!
A scorpion comes into view.
Found a sling.
You hit the ogre. You freeze the ogre.
The ogre is moderately wounded.
You hit the scorpion. You freeze the scorpion. The ogre closely misses you.
The scorpion stings you.
You barely miss the ogre.
The ogre is moderately wounded.
You hit the scorpion but do no damage. The scorpion barely misses you.
The ogre hits you with a +0 giant club!!
Ouch! That really hurt!
The scorpion stings you.
You are poisoned.
The scorpion poisons you!
You slash the ogre! You freeze the ogre.
The ogre is almost dead.
You closely miss the scorpion.
You feel very sick. The scorpion misses you.
The ogre hits you with a +0 giant club!!
You die...

........##.#.# #..####
#.......##.#.# ##......#
........##.#.# #......)#
........##.#.####.......#
.#......................#
..##.#.#.....###........#
..##.....##.............#
.................s####...
.###.##.#.......@.# .#
#.##.###.....O.# .#
#.##[# #.......# .#
#..#.# #...........>.# .#
##...# #.............. .
###.# #........#.#.♣= .
#.# #........#..... ###
####.###.# ♣.♣ ..# .# .._


You could see an ogre and a scorpion.

Vanquished Creatures
  Sigmund (D:4)
  An ogre (D:4)
  A scorpion (D:4)
  2 orc priests
  2 hounds (D:4)
  A sleepcap (D:4)
  Jessica (D:2)
  3 iguanas
  Robin (D:4)
  4 adders
  A shadow imp (D:5)
  5 ufetubi
  3 worms
  2 dart slugs
  7 orcs
  9 ball pythons
  6 bats
  5 endoplasms
  3 giant cockroaches
  2 hobgoblins (D:4)
  5 jackals
  8 kobolds
  4 quokkas
  4 frilled lizards
  14 goblins
  3 rats
98 creatures vanquished.

Notes
Turn   | Place    | Note
-------+----------+-------------------------------------------
     0 | D:1      | lonewolfV2 the Formicid Fighter began the quest for the
                  | Orb.
     0 | D:1      | Reached XP level 1. HP: 18/18 MP: 1/1
   189 | D:1      | Reached XP level 2. HP: 22/24 MP: 2/2
   364 | D:1      | Found Abaig's Antique Armour Emporium.
   425 | D:1      | Found a faded altar of an unknown god.
   795 | D:2      | Noticed Jessica
   798 | D:2      | Killed Jessica
   799 | D:2      | Reached XP level 3. HP: 30/30 MP: 3/3
   818 | D:2      | Reached XP level 4. HP: 37/37 MP: 4/4
  1018 | D:2      | Reached XP level 5. HP: 8/43 MP: 5/5
  1867 | D:2      | Reached skill level 5 in Fighting
  1867 | D:2      | Reached skill level 5 in Armour
  2575 | D:3      | Found a snail-covered altar of Cheibriados.
  2581 | D:3      | Found a shimmering blue altar of Sif Muna.
  2840 | D:4      | Noticed Sigmund
  2852 | D:4      | Killed Sigmund
  2853 | D:4      | Reached XP level 6. HP: 47/52 MP: 6/6
  2897 | D:4      | Reached XP level 7. HP: 36/58 MP: 7/7
  3512 | D:4      | Noticed Robin
  3519 | D:4      | Killed Robin
  3627 | D:4      | Found a bloodstained altar of Trog.
  3628 | D:4      | Found a blossoming altar of Fedhas.
  4034 | D:5      | Entered Level 5 of the Dungeon
  4201 | D:5      | Found an ancient bone altar of Kikubaaqudgha.
  4201 | D:5      | Found a radiant altar of Vehumet.
  4222 | D:5      | Found Rariufat's Assorted Antiques.
  4225 | D:5      | Reached XP level 8. HP: 59/67 MP: 8/8
  4338 | D:5      | Found an iron altar of Okawaru.
  4348 | D:5      | Slain by an ogre

Illustrated notes

Levels and vault maps discovered:
D:1:      dpeg_arrival_rhombi, layout_loops_cross, serial_shops,
          nicolae_shop_tiny_glass, ebering_ecumenical_altar_hall
D:2:      layout_basic, uniq_jessica
D:3:      layout_basic, mainiacjoe_overflow_cross_hatched, cheibriados_altar_1
D:4:      layout_loops_corners, jmf_multi_god_temple, uniq_robin, uniq_sigmund
D:5:      layout_rooms, nicolae_ru_sacrificial_ziggurat, okawaru_trees_1,
          gammafunk_temple_overflow_statue, serial_shops, shop

Skill      XL: |  1  2  3  4  5  6  7 |
---------------+----------------------+-----
Fighting       | 4 6 7 |  7.2
Armour         | 4 6 7 |  7.2
Axes           | |  2.0
Shields        | |  4.0

Action                     |  1- 3 |  4- 6 |  7- 9 || total
---------------------------+-------+-------+-------++-------
  Melee: War axe           |    49 |   102 |   100 ||   251
    Use: Scroll            |     4 |     4 |     2 ||    10
 Armour: Scale mail        |    22 |    48 |    45 ||   115
  Dodge: Dodged            |    23 |    48 |    74 ||   145
  Block: Buckler           |    15 |    30 |    39 ||    84
